AoeStats
← Tomato

Black Forest

506891003Analyzed
4v4 RM · 16d ago on Sep 15, 2026· 39m 52s· 8 players
Game mode
Random Map
Map size
Large (8 player)
Population
200
Speed
Normal
Resources
Standard
Victory
Conquest
Starting age
Dark Age
Ending age
Imperial Age
RankedLock teamsTeams togetherTeam positionsShared explorationLock speedFull tech treeHidden civsTurbo modeCheats
Victory
Defeat
🇫🇮 Bengalis · Finland
1387
+15
🇦🇷 Britons · Argentina
1382
+15
🇦🇷 Gurjaras · Argentina
1381
+15
🇹🇷 Turks · Türkiye
1368
+16
🇻🇳 Burgundians · Vietnam
1401
-18
🇳🇱 Wei · Netherlands
1362
-15
🇨🇳 Franks · China
1360
-15
🇺🇸 Mongols · United States
1320
-13
Tomato
4:45 Loom
11:37 Feudal Age
12:20 Double-Bit Axe
12:15 Horse Collar
13:12 Wheelbarrow
12:22 Fishing Lines
14:45 Gold Mining
18:15 Castle Age
19:25 Bow Saw
19:29 Heavy Plow
19:21 Gillnets
21:26 Gold Shaft Mining
21:32 Bloodlines
21:35 Husbandry
23:28 Town Watch
23:59 Hand Cart
24:30 Stone Mining
25:46 Scale Barding Armor
25:52 Forging
28:03 Stone Shaft Mining
28:20 Chain Barding Armor
31:47 Iron Casting
34:54 Imperial Age
36:09 Ming Guang Armor
36:04 Conscription
35:31 Heavy Hei Guang Cavalry
RedMess
1:14 Loom
12:58 Feudal Age
16:43 Castle Age
15:09 Double-Bit Axe
17:50 Bow Saw
17:57 Horse Collar
18:54 Heavy Plow
20:02 Fishing Lines
22:50 Wheelbarrow
22:23 Town Watch
23:20 Gold Mining
23:22 Stone Mining
25:20 Stone Shaft Mining
25:45 Gold Shaft Mining
26:27 Fletching
26:44 Thumb Ring
27:13 Hand Cart
27:49 Bodkin Arrow
28:30 Padded Archer Armor
29:33 Bloodlines
29:23 Husbandry
29:51 Ballistics
30:44 Masonry
34:32 Imperial Age
33:46 Leather Archer Armor
34:12 Murder Holes
34:50 Town Patrol
36:31 Chemistry
34:58 Light Cavalry
35:54 Bracer
35:45 Heavy Cavalry Archer
37:05 Conscription
37:32 Parthian Tactics
2987052186
11:18 Feudal Age
15:32 Castle Age
15:37 Double-Bit Axe
21:06 Loom
22:17 Wheelbarrow
23:48 Bow Saw
29:14 Imperial Age
27:20 Gold Mining
28:18 Hand Cart
29:16 Scale Barding Armor
29:22 Forging
29:15 Cavalier
30:02 Chivalry
31:14 Chemistry
30:38 Chain Barding Armor
31:19 Conscription
32:14 Iron Casting
33:39 Plate Barding Armor
34:05 Blast Furnace
33:55 Paladin
37:02 Scale Mail Armor
Melodies of Life
0:45 Loom
12:27 Feudal Age
16:44 Castle Age
15:05 Double-Bit Axe
15:25 Fishing Lines
15:38 Horse Collar
19:27 Bow Saw
21:37 Heavy Plow
22:38 Gillnets
25:25 Wheelbarrow
25:36 Gold Mining
25:53 Stone Mining
26:57 Town Watch
30:29 Imperial Age
28:50 Gold Shaft Mining
28:25 Scale Mail Armor
28:37 Forging
29:41 Chain Mail Armor
29:31 Squires
29:16 Arson
30:37 Iron Casting
30:55 Burgundian Vineyards
31:41 Plate Mail Armor
32:13 Chemistry
31:38 Conscription
31:52 Padded Archer Armor
32:12 Hand Cart
33:41 Blast Furnace
32:46 Padded Archer Armor
32:50 Caravan
33:02 Guilds
35:14 Coinage
34:42 Treadmill Crane
35:13 Masonry
35:24 Bombard Tower
34:44 Elite Coustillier
35:31 Scale Barding Armor
35:22 Elite Skirmisher
36:20 Leather Archer Armor
36:17 Pikeman
37:10 Halberdier
39:25 Fletching
39:58 Ballistics
40:09 Architecture
7777777
11:50 Feudal Age
15:24 Castle Age
13:40 Double-Bit Axe
14:17 Horse Collar
16:34 Bow Saw
16:52 Heavy Plow
18:30 Caravan
19:44 Fishing Lines
24:27 Wheelbarrow
23:39 Loom
24:05 Stone Mining
25:00 Gold Mining
26:00 Gillnets
28:14 Gold Shaft Mining
30:16 Imperial Age
27:50 Fletching
28:01 Padded Archer Armor
28:07 Scale Barding Armor
28:34 Forging
28:55 Ballistics
28:30 Town Watch
30:17 Chain Barding Armor
30:28 Bloodlines
30:18 Husbandry
31:26 Iron Casting
31:23 Conscription
31:10 Paiks
31:25 Elite Battle Elephant
33:26 Plate Barding Armor
35:50 Blast Furnace
36:00 Bodkin Arrow
37:07 Chemistry
36:18 Masonry
Anatoly
1:20 Loom
13:34 Feudal Age
17:31 Castle Age
15:44 Double-Bit Axe
22:17 Imperial Age
20:14 Gold Mining
20:31 Town Watch
22:14 Padded Archer Armor
22:41 Horse Collar
32:23 Wheelbarrow
34:39 Hand Cart
35:55 Ballistics
37:03 Leather Archer Armor
38:10 Thumb Ring
39:54 Artillery
40:15 Conscription
40:08 Town Watch
ELCOCHINOTE
6:45 Loom
11:00 Feudal Age
12:45 Double-Bit Axe
17:59 Castle Age
17:25 Fishing Lines
18:55 Bow Saw
19:32 Gillnets
23:02 Horse Collar
26:51 Imperial Age
24:48 Forging
24:39 Scale Mail Armor
24:33 Arson
27:31 Iron Casting
28:13 Chain Mail Armor
28:29 Scale Barding Armor
29:30 Chain Barding Armor
30:05 Bloodlines
29:45 Heavy Camel Rider
30:29 Husbandry
31:32 Plate Barding Armor
32:52 Gold Mining
leotectos
0:49 Loom
11:03 Feudal Age
16:02 Castle Age
15:15 Wheelbarrow
14:36 Double-Bit Axe
15:55 Horse Collar
17:22 Bow Saw
23:22 Gold Mining
24:53 Gold Shaft Mining
25:09 Hand Cart
25:21 Heavy Plow
29:55 Imperial Age
27:59 Stone Mining
28:08 Fletching
28:18 Padded Archer Armor
29:10 Bodkin Arrow
29:41 Fortified Wall
29:51 Ballistics
29:42 Masonry
30:09 Leather Archer Armor
31:05 Conscription
30:46 Bracer
31:52 Chemistry
31:39 Ring Archer Armor
31:58 Yeomen
32:01 Elite Longbowman
36:42 Caravan
Connection lost

Rejoining the realm…

Still unreachable

The connection could not be restored.

Session expired

The server has moved on; the page needs a fresh start.